[Event "Oslo Chess Festival 2018"]
[Site "Oslo"]
[Date "2018.09.30"]
[Round "1"]
[White "Svanholm, Borge Waaktaar"]
[Black "Sriram, Jha"]
[Result "1/2-1/2"]
[ECO "A33"]
[WhiteElo "1869"]
[BlackElo "2394"]
[Annotator "ChessBase"]
[PlyCount "122"]
[EventDate "2018.09.30"]
[EventCountry "NOR"]
[SourceTitle "playchess.com"]
[Source "ChessBase"]
[SourceQuality "1"]
[TimeControl "90/30+30:0"]

1. c4 c5 2. Nf3 Nc6 3. d4 cxd4 4. Nxd4 Nf6 5. Nc3 e6 6. a3 Bc5 7. Nb3 Be7 8. e4 O-O 9. Be2 b6 10. O-O Bb7 11. Be3 Rc8 12. f4 d6 13. Rc1 Nb8 14. Bd3 Nbd7 15. Qe2 Qc7 16. Rfd1 Qb8 17. g4 Qa8 18. Bf2 g6 19. g5 Nh5 20. Qe3 e5 21. f5 f6 22. fxg6 hxg6 23. gxf6 Ndxf6 24. Nd5 Bxd5 25. exd5 Ng4 26. Qe4 Nf4 27. Bg3 Nf6 28. Qe3 N6h5 29. Rf1 Qb7 30. Bxf4 Nxf4 31. Qe4 Bg5 32. Rc2 Qg7 33. Kh1 Rf6 34. Rcf2 Rcf8 35. Nc1 Kh7 36. Bc2 Nh3 37. Rxf6 Rxf6 38. Qg2 Rxf1+ 39. Qxf1 Qd7 40. Ne2 Nf4 41. Nxf4 exf4 42. Qf3 Kg7 43. Qe4 Qf7 44. Kg2 Qf6 45. Kf3 Kf7 46. Bd3 Bh6 47. h4 Bg7 48. b3 Bh6 49. a4 a5 50. Kg4 Kg7 51. Kf3 Kf7 52. Kg4 g5 53. h5 Bg7 54. Be2 Kf8 55. Qf5 Kg8 56. Qxg5 Qb2 57. Bf3 Qh2 58. Kf5 Kh8 59. Bg4 Qb2 60. Ke6 Qxb3 61. h6 Bd4 {[%emt 0:00:37] Ke5 [%emt 00:00:42]} 1/2-1/2

[Event "Oslo Chess Festival 2018"]
[Site "Oslo"]
[Date "2018.10.02"]
[Round "3"]
[White "Ronneland, Daniel"]
[Black "Mikalsen, Erlend"]
[Result "0-1"]
[ECO "B35"]
[WhiteElo "2208"]
[BlackElo "2332"]
[Annotator "NA"]
[PlyCount "108"]
[EventDate "2018.09.30"]
[EventCountry "NOR"]
[SourceTitle "playchess.com"]
[Source "ChessBase"]
[SourceQuality "1"]
[TimeControl "90/30+30:0"]

1. e4 c5 2. Nf3 Nc6 3. d4 cxd4 4. Nxd4 g6 5. Be3 Bg7 6. Nc3 Nf6 7. Bc4 O-O 8. Bb3 a5 9. O-O a4 10. Nxa4 Nxe4 11. Nb5 d5 {[%emt 0:00:00] LiveBook: 56 Partien B35: Sicilian: Accelerated Dragon with 5 Nc3: main line} (11... Ra6 12. f3 Nf6 13. c4 d6 14. Nac3 Na5 15. Rc1 Be6 16. Ne2 d5 17. c5 Nxb3 18. axb3 Bd7 19. Nbc3 {1-0 (36) Almasi,Z (2689)-Istratescu,A (2602) Bastia 2015}) 12. Nb6 Ra5 13. Bxd5 Rxb5 14. Bxe4 Rxb2 15. Qxd8 Rxd8 16. Rad1 Rxd1 $146 (16... Rf8 $11) ({Predecessor:} 16... Re8 17. Nxc8 Rxc8 18. Rd7 Bf6 19. Bh6 Bg7 20. Be3 Bf6 21. Bh6 Bg7 {½-½ (21) Hammarstrom,U (2196)-Wedberg,T (2458) Vasteras 2017}) 17. Rxd1 Be6 $1 18. Bxc6 $1 bxc6 19. Rd8+ Bf8 20. Kf1 (20. h4 $5 Rb1+ 21. Kh2 $14) 20... h6 ({And not} 20... Bxa2 21. Bh6 Bc4+ 22. Nxc4 Rb1+ 23. Ke2 Rb8 24. Rxb8 Kh8 25. Rxf8#) 21. a4 f5 22. a5 (22. Bxh6 $16 Rxb6 23. Rxf8+ Kh7 24. Bg5) 22... Kf7 23. a6 Ra2 24. Ra8 Bg7 25. a7 Be5 $2 (25... f4 $11 {and Black has nothing to worry.} 26. Bxf4 Bf5) 26. f4 $2 (26. Bxh6 $18 g5 27. Bxg5) 26... Bd6 27. c4 c5 28. Nd5 Bd7 29. Nc3 (29. Nb6 $1 $11 {was the only way to keep the balance.} Bc6 30. Rc8 Bxg2+ 31. Kg1) 29... Ra1+ 30. Kf2 {[%emt 0:00:26] [#]} Bc6 $1 31. Rc8 Bb7 32. a8=Q Bxa8 33. g3 Bb7 34. Rh8 Kg7 35. Rd8 Rh1 (35... Bc6 $17 36. Ke2 Kf7) 36. h4 (36. Nb5 $1 $11) 36... Rh2+ 37. Ke1 (37. Kf1 $17) 37... Ba6 38. Na4 $19 Bxc4 39. Bxc5 Bxc5 40. Nxc5 Re2+ 41. Kd1 Re3 42. Rd4 Bb3+ 43. Kd2 Rxg3 44. Rd7 Kf7 45. Nd3 g5 46. Rb7 Bd5 47. Rb5 e6 48. h5 Kf6 49. Rb8 Be4 50. fxg5+ hxg5 51. Nf2 Rg2 52. Ke3 Bd5 53. Rg8 f4+ 54. Ke2 Rh2 0-1

[Event "Oslo Chess Festival 2018"]
[Site "Oslo"]
[Date "2018.10.02"]
[Round "3"]
[White "Skaslien, Ingrid"]
[Black "Cherniaev, Alexander"]
[Result "0-1"]
[ECO "A85"]
[WhiteElo "1885"]
[BlackElo "2384"]
[Annotator "NA"]
[PlyCount "64"]
[EventDate "2018.09.30"]
[EventCountry "NOR"]
[SourceTitle "playchess.com"]
[Source "ChessBase"]
[SourceQuality "1"]
[TimeControl "90/30+30:0"]

1. d4 e6 2. c4 b6 3. Nc3 Bb7 4. e3 f5 5. Nf3 {[%emt 0:00:00] LiveBook: 21 Games} Nf6 6. Bd3 g6 7. b3 Bg7 8. O-O O-O 9. Re1 $146 {[%emt 0:00:00] A85: Dutch Defence: 2 c4 Nf6 3 Nc3} ({Predecessor:} 9. Qe2 c5 10. Ba3 d6 11. Rfd1 Qc8 12. Rac1 Re8 13. Bb1 e5 14. Nb5 Bf8 15. dxe5 dxe5 16. Nd6 Bxd6 17. Rxd6 {1-0 (24) Cwiek,L (2155)-Arcusa,M Condom 2003}) 9... Nc6 10. Ba3 Ne7 11. e4 fxe4 12. Nxe4 Nh5 13. Neg5 c5 14. Be4 Bxe4 15. Rxe4 (15. Nxe4 $14 Nf6 16. Nxf6+ Bxf6 17. Rb1) 15... h6 16. Nh3 $1 Nc6 17. Qd2 $2 {[%emt 0:00:00] [#]} (17. Ne5 $11 {and White is okay.}) 17... Rxf3 $1 18. gxf3 Nxd4 19. Rxd4 (19. Kg2 $142) 19... cxd4 20. Re1 Qf6 21. Kg2 e5 22. Re4 (22. f4 {was worth a try.} Nxf4+ 23. Nxf4 exf4 24. Qd3) 22... g5 23. Re1 Qf5 $19 24. Qe2 Rc8 25. Bd6 Kf7 26. Qd2 Kg6 27. Re4 Re8 28. Qe2 Re6 29. Bb4 Nf6 30. Bd2 Nxe4 31. fxe4 Qf6 32. Qg4 Kf7 0-1

[Event "Oslo Chess Festival 2018"]
[Site "Oslo"]
[Date "2018.10.03"]
[Round "5"]
[White "Van Zyl-Rudd, Jack"]
[Black "Dale, Gunnar Brandshaug"]
[Result "1-0"]
[ECO "E30"]
[WhiteElo "2265"]
[BlackElo "1771"]
[Annotator "NA"]
[PlyCount "51"]
[EventDate "2018.09.30"]
[EventCountry "NOR"]
[SourceTitle "playchess.com"]
[Source "ChessBase"]
[SourceQuality "1"]
[TimeControl "90/30+30:0"]

1. d4 Nf6 2. c4 e6 3. Nc3 Bb4 4. Bg5 c5 5. d5 d6 6. e3 Qa5 7. Bxf6 gxf6 8. Nge2 e5 9. a3 Bxc3+ 10. Nxc3 O-O 11. Bd3 f5 12. Qh5 e4 13. Bc2 Qd8 14. f3 exf3 15. gxf3 Qf6 16. O-O-O Kh8 17. Rhg1 Na6 18. e4 Bd7 19. exf5 b5 20. Ne4 Qxf5 21. Ng5 Qf4+ 22. Kb1 Bf5 23. Nxh7 Bxc2+ 24. Kxc2 Qxc4+ 25. Kb1 Qf4 26. Nxf8+ 1-0

[Event "Oslo Chess Festival 2018"]
[Site "Oslo"]
[Date "2018.10.04"]
[Round "6"]
[White "Basso, Pier Luigi"]
[Black "Vijayalakshmi, Subbaraman"]
[Result "1-0"]
[ECO "E16"]
[WhiteElo "2530"]
[BlackElo "2359"]
[Annotator "ChessBase"]
[PlyCount "109"]
[EventDate "2018.09.30"]
[EventCountry "NOR"]
[SourceTitle "playchess.com"]
[Source "ChessBase"]
[SourceQuality "1"]
[TimeControl "90/30+30:0"]

1. d4 Nf6 2. c4 e6 3. Nf3 b6 4. g3 Bb7 5. Bg2 Bb4+ 6. Bd2 Bxd2+ 7. Qxd2 O-O 8. Nc3 Ne4 9. Qc2 Nxc3 10. Ng5 Ne4 11. Bxe4 Bxe4 12. Qxe4 Qxg5 13. Qxa8 Nc6 14. Qb7 Qa5+ 15. Kf1 Nxd4 16. Kg2 Qc5 17. Rhd1 e5 18. e3 Ne6 19. Rxd7 Qxc4 20. Qd5 Qg4 21. h3 Qf5 22. g4 Qf6 23. Qf3 Qh4 24. Rad1 e4 25. Qf5 a5 26. R1d5 g6 27. Qe5 a4 28. Rd1 h6 29. a3 Nc5 30. R7d2 Ne6 31. Rh1 Nc5 32. Qxc7 Qf6 33. Qf4 Qxf4 34. exf4 Nd3 35. Kg3 Rc8 36. f3 f5 37. fxe4 fxe4 38. Re2 Rc4 39. Rhh2 b5 40. Rc2 Rd4 41. Rc7 Ne1 42. Re2 Nf3 43. Kf2 Nd2 44. Rb7 Rd3 45. Re3 Rd5 46. Ke2 Kf8 47. h4 Nc4 48. Rxe4 Rd2+ 49. Ke1 Rd5 50. Re2 h5 51. f5 hxg4 52. fxg6 Nd6 53. Rd7 g3 54. g7+ Kg8 55. Re8+ 1-0

[Event "Oslo Chess Festival 2018"]
[Site "Oslo"]
[Date "2018.10.04"]
[Round "6"]
[White "Pakleza, Zbigniew"]
[Black "Stella, Andrea"]
[Result "1-0"]
[ECO "D40"]
[WhiteElo "2502"]
[BlackElo "2500"]
[Annotator "ChessBase"]
[PlyCount "88"]
[EventDate "2018.09.30"]
[EventCountry "NOR"]
[SourceTitle "playchess.com"]
[Source "ChessBase"]
[SourceQuality "1"]
[TimeControl "90/30+30:0"]

1. d4 e6 2. c4 Nf6 3. Nf3 d5 4. Nc3 c5 5. e3 Nc6 6. a3 dxc4 7. Bxc4 a6 8. O-O b5 9. Ba2 Bb7 10. d5 exd5 11. Nxd5 c4 12. e4 Nxe4 13. Bf4 Ne5 14. Bxe5 Qxd5 15. Qe2 Be7 16. Rad1 Qe6 17. Bb1 f5 18. Bxg7 Rg8 19. Nd4 Qg6 20. f3 Rxg7 21. fxe4 O-O-O 22. Nxf5 Bc5+ 23. Kh1 Rgd7 24. Rxd7 Rxd7 25. e5 Qg5 26. Be4 Rd2 27. Bxb7+ Kxb7 28. Qe4+ Kb6 29. h4 Qg6 30. e6 Rd4 31. Qf3 Rd3 32. Qe2 Qf6 33. b4 Bd6 34. Qf2+ Kc6 35. Qa7 Qe5 36. Qxa6+ Kc7 37. Nxd6 Rh3+ 38. gxh3 Qd5+ 39. Kg1 Qd4+ 40. Rf2 Qa1+ 41. Kg2 Qg7+ 42. Kf3 Qf6+ 43. Ke4 Qxh4+ 44. Rf4 Qe1+ 1-0

[Event "Oslo Chess Festival 2018"]
[Site "Oslo"]
[Date "2018.10.04"]
[Round "6"]
[White "Pavlovic, Milos"]
[Black "Ranaldi, Lucas"]
[Result "1/2-1/2"]
[ECO "A47"]
[WhiteElo "2481"]
[BlackElo "2335"]
[Annotator "ChessBase"]
[PlyCount "93"]
[EventDate "2018.09.30"]
[EventCountry "NOR"]
[SourceTitle "playchess.com"]
[Source "ChessBase"]
[SourceQuality "1"]
[TimeControl "90/30+30:0"]

1. d4 Nf6 2. Nf3 b6 3. Bf4 Bb7 4. e3 e6 5. Nbd2 Be7 6. h3 O-O 7. Bd3 c5 8. O-O d6 9. c3 Nbd7 10. Qe2 cxd4 11. exd4 a6 12. a4 Re8 13. Bh2 Bf8 14. Nc4 Qb8 15. Ne3 Qa7 16. Rfd1 Bc6 17. Ne1 Qb7 18. N1c2 Be4 19. Bc4 d5 20. Bb3 Nb8 21. Nb4 Nc6 22. Nxc6 Qxc6 23. f3 Bg6 24. c4 dxc4 25. Nxc4 Red8 26. Ne5 Qb7 27. Rac1 Nd5 28. h4 Bd6 29. g4 Bxe5 30. Bxe5 h5 31. gxh5 Bxh5 32. Qg2 f6 33. Bxd5 Qxd5 34. Bxf6 Rd7 35. Rd3 Rf8 36. Be5 Bxf3 37. Qg5 Rf5 38. Qg6 Be4 39. Rg3 Rf1+ 40. Rxf1 Bxg6 41. Rxg6 Qe4 42. h5 Qe3+ 43. Kg2 Qe2+ 44. Rf2 Qxh5 45. Rg3 Rf7 46. Rc2 Qh4 47. Kg1 1/2-1/2

[Event "Oslo Chess Festival 2018"]
[Site "Oslo"]
[Date "2018.10.04"]
[Round "6"]
[White "Sriram, Jha"]
[Black "Van Zyl-Rudd, Jack"]
[Result "1/2-1/2"]
[ECO "D02"]
[WhiteElo "2394"]
[BlackElo "2265"]
[Annotator "NA"]
[PlyCount "77"]
[EventDate "2018.09.30"]
[EventCountry "NOR"]
[SourceTitle "playchess.com"]
[Source "ChessBase"]
[SourceQuality "1"]
[TimeControl "90/30+30:0"]

1. Nf3 d5 2. g3 Nc6 3. d4 Bg4 4. Bg2 Qd7 5. O-O O-O-O 6. c3 {[%emt 0:00:00] D02: 1 d4 d5 2 Nf3 sidelines, including 2...Nf6 3 g3 and 2...Nf6 3 Bf4} (6. c4 dxc4 7. Be3 e5 8. d5 Nge7 9. Nc3 Nxd5 10. Nxd5 Qxd5 11. Qc2 Bxf3 12. Bxf3 Qe6 13. Rfc1 a6 14. Bxc6 Qxc6 {0-1 (24) Bok,B (2600)-Van Foreest,J (2606) Amsterdam 2017}) 6... h5 7. b4 f6 8. Nbd2 Bh3 9. b5 Nb8 10. Bxh3 Qxh3 11. Qa4 g5 (11... e5 $11 {remains equal.}) 12. Qxa7 Nh6 $146 ({Predecessor:} 12... h4 $16 {was worth a try.} 13. Nb3 Rd6 {1-0 (24) Molnar,L (2117)-Antal,G (2448) Budapest 2001}) 13. Nb3 b6 14. a4 $2 (14. c4 $18) 14... h4 $1 {[%emt 0:00:00] [#]} 15. a5 ({Better is} 15. Rb1 $1 $16 Kd7 16. Bxg5 hxg3 17. fxg3 (17. Bf4 gxh2+ 18. Kh1 Ke8 $17)) 15... hxg3 (15... Ng4 $11 {keeps the balance.} 16. Bxg5 hxg3) 16. fxg3 ({Worse is} 16. axb6 gxh2+ 17. Nxh2 cxb6 $17) 16... Ng4 17. axb6 cxb6 {[%emt 0:00:00] [#]} 18. Nc5 ({Lieber nicht} 18. Qxb6 Nxh2 19. Qc5+ Kd7 $17) (18. Rf2 $1 $16 Nxf2 19. Qxb6 (19. Kxf2 g4 $17)) 18... bxc5 19. Qxc5+ Kd7 20. Qxd5+ Ke8 21. Qf5 Qh5 22. h4 gxh4 23. Nxh4 Qxf5 24. Rxf5 Rg8 25. Rf3 (25. Rh5 $14) 25... e6 $11 26. Ba3 Bxa3 27. Rxa3 Ke7 28. Ng2 e5 29. Ne3 Nxe3 30. Rxe3 Kd6 31. Rf3 Kd5 32. Rxf6 exd4 33. cxd4 Kxd4 34. b6 Kc5 35. Rc3+ Kb4 36. Rcf3 Kb5 37. Kf2 Nd7 38. Rd6 Nc5 39. Rh6 1/2-1/2

[Event "Oslo Chess Festival 2018"]
[Site "Oslo"]
[Date "2018.10.04"]
[Round "6"]
[White "Haug, Johannes"]
[Black "Bruaset, Eivind"]
[Result "1-0"]
[ECO "C18"]
[WhiteElo "2391"]
[BlackElo "2048"]
[Annotator "NA"]
[PlyCount "81"]
[EventDate "2018.09.30"]
[EventCountry "NOR"]
[SourceTitle "playchess.com"]
[Source "ChessBase"]
[SourceQuality "1"]
[TimeControl "90/30+30:0"]

1. e4 e6 2. d4 d5 3. Nc3 Bb4 4. e5 c5 5. a3 Bxc3+ 6. bxc3 Ne7 7. Qg4 Kf8 8. a4 Nbc6 {[%emt 0:00:00] C18: French: 3 Nc3 Bb4: Main line: 7 h4 and 7 Qg4} (8... Qc7 9. Qd1 Kg8 10. Nf3 b6 11. a5 bxa5 12. Ba3 c4 13. Ng5 Nbc6 14. Be2 f6 15. Nf3 fxe5 16. Bxe7 Qxe7 17. Nxe5 Nxe5 18. dxe5 {½-½ (38) Zherebukh,Y (2633)-Akobian,V (2640) Saint Louis 2018}) 9. Nf3 Qa5 10. Bd2 Bd7 11. Be2 Ng6 $146 ({Predecessor:} 11... Rc8 12. O-O Qc7 13. h4 h5 14. Qf4 Nf5 15. Bd3 Nce7 16. Rfe1 {0-1 (99) Gongora Reyes,M (2466)-Espineira Gonzalez,D (2310) Villagarcia de Arosa 2005}) 12. h4 h5 13. Qg5 Qd8 14. Qe3 Rc8 15. Ng5 ({Don't play} 15. dxc5 $6 Qc7 $11) 15... Qe8 16. g4 (16. a5 $14 {stays ahead.}) 16... hxg4 17. Bxg4 Na5 18. h5 Nc4 19. Qf3 Ngxe5 20. dxe5 Nxe5 21. Qg3 Nxg4 22. Qxg4 e5 (22... f6 $142) 23. Qg3 ({White must play} 23. Qf3 $16) 23... Bf5 24. h6 Rxh6 $16 25. Rxh6 gxh6 26. Nf3 Rc6 27. Nxe5 Rg6 28. Qh2 f6 29. Bxh6+ Kg8 30. Bf4 fxe5 31. Bxe5 Rh6 32. Qxh6 Qxe5+ 33. Kd2 d4 34. Rg1+ Kf7 35. Qh5+ Kf8 36. Qf3 dxc3+ 37. Kc1 Ke8 38. Qg3 Qe4 39. Qxc3 Qf4+ 40. Kb2 Qxf2 41. Qe5+ 1-0

[Event "Oslo Chess Festival 2018"]
[Site "Oslo"]
[Date "2018.10.04"]
[Round "6"]
[White "Kaasen, Tor Fredrik"]
[Black "Solberg, Joachim"]
[Result "1-0"]
[ECO "E01"]
[WhiteElo "2388"]
[BlackElo "2188"]
[Annotator "NA"]
[PlyCount "105"]
[EventDate "2018.09.30"]
[EventCountry "NOR"]
[SourceTitle "playchess.com"]
[Source "ChessBase"]
[SourceQuality "1"]
[TimeControl "90/30+30:0"]

1. d4 d5 2. c4 c6 3. Nf3 Nf6 4. g3 e6 5. Bg2 Bb4+ 6. Nbd2 {[%emt 0:00:00] E01: Catalan: Early deviations} dxc4 7. O-O b5 8. Qc2 (8. b3 cxb3 9. Nxb3 O-O 10. Ne5 Bb7 11. Nc5 Bxc5 12. dxc5 Nfd7 13. Bf4 Nxc5 14. Qc2 {1-0 (32) Eljanov,P (2717)-Fridman,D (2649) Berlin 2015}) 8... O-O 9. b3 cxb3 10. Nxb3 Bb7 11. a4 Nbd7 12. Ne1 $146 ({Predecessor:} 12. Rd1 Qe7 13. e4 h6 {0-1 (45) Janaszak,D (2319)-Socko,M (2495) Warsaw 2010}) 12... Rc8 13. Nd3 Be7 14. Rd1 Nd5 15. Nbc5 Nxc5 16. Nxc5 Bxc5 17. dxc5 Qa5 18. Bb2 b4 19. Be5 Nc3 20. Rd7 Qxc5 21. Bd4 Qc4 22. Bxc3 Ba8 23. Rd3 (23. Be4 $1 $14 bxc3 24. Bxh7+ Kh8 25. Bd3) 23... c5 24. Bxa8 Rxa8 25. Rc1 bxc3 26. Rxc3 Qd4 27. e3 Qd6 28. Rxc5 Rfd8 29. Rc6 Qb4 (29... Qd5 $14) 30. Rc7 a5 31. Rb1 Qg4 {[%emt 0:00:00] [#]} ({Black should try} 31... Qd6) 32. Kg2 $1 h6 33. Rbb7 Rf8 34. Rb5 $18 f5 35. Rbb7 Rf6 36. Qc6 Raf8 37. h3 Qg6 38. Ra7 Kh7 39. Qb7 Rg8 40. Kh2 f4 41. exf4 e5 42. Rxa5 exf4 43. g4 Rb6 44. Qf3 Rb4 45. Raa7 Qd6 46. Rd7 Qe5 47. Qd5 Qb2 48. Qd2 Qe5 49. Qd3+ Kh8 50. Qd6 Qxd6 51. Rxd6 Rc8 52. Rd2 Rc3 53. Rd8+ 1-0

[Event "Oslo Chess Festival 2018"]
[Site "Oslo"]
[Date "2018.10.04"]
[Round "6"]
[White "Cherniaev, Alexander"]
[Black "Nordquelle, Daniel"]
[Result "1-0"]
[ECO "E04"]
[WhiteElo "2384"]
[BlackElo "2235"]
[Annotator "RC"]
[PlyCount "27"]
[EventDate "2018.09.30"]
[EventCountry "NOR"]
[SourceTitle "playchess.com"]
[Source "ChessBase"]
[SourceQuality "1"]
[TimeControl "90/30+30:0"]

1. d4 e6 2. c4 d5 3. g3 Nf6 4. Nf3 dxc4 5. Bg2 a6 6. O-O Nc6 7. e3 Bd7 8. Qe2 b5 9. b3 cxb3 10. axb3 Bd6 11. Bb2 Qe7 12. Rc1 Ra7 13. Ne5 Nd5 14. Nxc6 1-0

[Event "Oslo Chess Festival 2018"]
[Site "Oslo"]
[Date "2018.10.04"]
[Round "6"]
[White "Mikalsen, Erlend"]
[Black "Korneev, Oleg"]
[Result "1/2-1/2"]
[ECO "C30"]
[WhiteElo "2332"]
[BlackElo "2560"]
[Annotator "ChessBase"]
[PlyCount "109"]
[EventDate "2018.09.30"]
[EventCountry "NOR"]
[SourceTitle "playchess.com"]
[Source "ChessBase"]
[SourceQuality "1"]
[TimeControl "90/30+30:0"]

1. e4 e5 2. Nc3 Nc6 3. Bc4 Nf6 4. d3 Bc5 5. f4 d6 6. Nf3 a6 7. f5 b5 8. Bb3 Na5 9. Qe2 Nxb3 10. axb3 Bb7 11. Be3 Bxe3 12. Qxe3 O-O 13. O-O-O b4 14. Nb1 a5 15. g4 Nxg4 16. Qd2 Kh8 17. Rhg1 Nf6 18. Qg5 Rg8 19. Rg3 h6 20. Qh4 a4 21. bxa4 Rxa4 22. Rdg1 Ra8 23. Rh3 Qe7 24. Qe1 b3 25. c4 c6 26. Qc3 d5 27. Nxe5 Rad8 28. Ng4 Nxg4 29. Rxg4 f6 30. Qxb3 dxe4 31. Rxe4 Qd7 32. Rhe3 Bc8 33. Rf4 Qd6 34. Rf2 Qc5 35. Ref3 Rge8 36. Nd2 Re3 37. Rxe3 Qxe3 38. Rf3 Qg1+ 39. Kc2 Re8 40. Qb8 Kh7 41. Qg3 Qxg3 42. hxg3 Re5 43. g4 Kg8 44. d4 Re2 45. Kc3 Rg2 46. Rf4 g5 47. fxg6 Kg7 48. d5 cxd5 49. c5 Rg3+ 50. Kd4 Kxg6 51. Kxd5 Rd3+ 52. Rd4 Bb7+ 53. Kc4 Ba6+ 54. Kd5 Bb7+ 55. Kc4 1/2-1/2

[Event "Oslo Chess Festival 2018"]
[Site "Oslo"]
[Date "2018.10.04"]
[Round "6"]
[White "Salles, Louis"]
[Black "Lindbol, Aleksander"]
[Result "1-0"]
[ECO "B67"]
[WhiteElo "2247"]
[BlackElo "2166"]
[Annotator "NA"]
[PlyCount "30"]
[EventDate "2018.09.30"]
[EventCountry "NOR"]
[SourceTitle "playchess.com"]
[Source "ChessBase"]
[SourceQuality "1"]
[TimeControl "90/30+30:0"]

1. e4 c5 2. Nf3 d6 3. d4 cxd4 4. Nxd4 Nf6 5. Nc3 Nc6 6. Bg5 e6 7. Qd2 a6 8. O-O-O Bd7 9. f4 Be7 10. Nf3 h6 11. Bh4 b5 12. e5 b4 13. exd6 bxc3 14. Qxc3 Bf8 15. f5 Be7 1-0

[Event "Oslo Chess Festival 2018"]
[Site "Oslo"]
[Date "2018.10.04"]
[Round "6"]
[White "Ingebretsen, Jens E"]
[Black "Vestby-Ellingsen, Mads"]
[Result "1/2-1/2"]
[ECO "C85"]
[WhiteElo "2160"]
[BlackElo "2410"]
[Annotator "NA"]
[PlyCount "101"]
[EventDate "2018.09.30"]
[EventCountry "NOR"]
[SourceTitle "playchess.com"]
[Source "ChessBase"]
[SourceQuality "1"]
[TimeControl "90/30+30:0"]

1. e4 e5 2. Nf3 Nc6 3. Bb5 a6 4. Ba4 Nf6 5. O-O Be7 6. Bxc6 dxc6 7. d3 Nd7 8. Nbd2 Bd6 {[%emt 0:00:00] C85: Closed Ruy Lopez: Deferred Exchange Variation} 9. Nc4 O-O 10. Bd2 (10. d4 Qe7 11. Re1 Re8 12. b3 c5 13. dxe5 Nxe5 14. Nxd6 cxd6 15. Nd2 Ng4 16. Nf3 Ne5 17. Nd2 Ng4 18. Nf3 {½-½ (18) Andreikin,D (2702)-Kovalev,V (2650) Minsk 2018}) 10... c5 11. Qe2 Re8 12. g3 $146 ({Predecessor:} 12. Rab1 Nb8 13. Be3 Nc6 14. Nfd2 Be6 15. Nxd6 Qxd6 16. f4 Nd4 17. Qd1 exf4 18. Bxf4 Qd7 19. Nb3 b6 {½-½ (19) Delgado Ramirez,N (2557)-Gonzalez Vidal,Y (2481) Santa Clara 2004}) 12... Nb8 13. Nh4 Nc6 14. c3 Be7 15. Ng2 Be6 16. b3 Qd7 17. Rad1 a5 18. a4 Rad8 19. Bc1 Bf8 20. Nge3 f5 (20... g6 $11) 21. f4 (21. Nxf5 $14 Bxf5 22. exf5) 21... exf4 22. Rxf4 fxe4 23. dxe4 Qc8 24. Rdf1 Bd6 ({Black should try} 24... g6 $15) 25. Nxd6 cxd6 26. c4 Ne5 27. Bb2 Ng6 28. R4f2 Qc6 29. Nd5 Bxd5 30. cxd5 Qd7 31. Rf5 (31. h4 $14) 31... Qe7 {[%emt 0:00:00] [#]} (31... Re7 $11 {keeps the balance.}) 32. Qg4 $1 Rf8 33. h4 Rxf5 34. Rxf5 ({Don't play} 34. exf5 $6 Qe3+ 35. Rf2 Rf8 $11) 34... Rf8 35. h5 Rxf5 36. Qxf5 Nf8 37. Kg2 $16 Qf7 38. Qg5 h6 39. Qg4 Nh7 40. Qc8+ Nf8 41. Qg4 b6 42. Bc3 Nh7 43. Qc8+ Nf8 44. Qg4 Nh7 45. Qc8+ Nf8 46. Qg4 Nh7 47. Qe6 Ng5 48. Qxf7+ Kxf7 49. e5 dxe5 50. Bxe5 Ne4 51. Bf4 1/2-1/2

[Event "Oslo Chess Festival 2018"]
[Site "Oslo"]
[Date "2018.10.04"]
[Round "7"]
[White "Movsziszian, Karen"]
[Black "Basso, Pier Luigi"]
[Result "1/2-1/2"]
[ECO "A14"]
[WhiteElo "2523"]
[BlackElo "2530"]
[Annotator "ChessBase"]
[PlyCount "22"]
[EventDate "2018.09.30"]
[EventCountry "NOR"]
[SourceTitle "playchess.com"]
[Source "ChessBase"]
[SourceQuality "1"]
[TimeControl "90/30+30:0"]

1. g3 d5 2. Nf3 Nf6 3. Bg2 e6 4. O-O Be7 5. c4 O-O 6. d3 b6 7. b3 Bb7 8. Bb2 c5 9. e3 Nc6 10. Qe2 Rc8 11. Rd1 Rc7 1/2-1/2

[Event "Oslo Chess Festival 2018"]
[Site "Oslo"]
[Date "2018.10.04"]
[Round "7"]
[White "Pakleza, Zbigniew"]
[Black "Dziuba, Marcin"]
[Result "1/2-1/2"]
[ECO "D84"]
[WhiteElo "2502"]
[BlackElo "2573"]
[Annotator "ChessBase"]
[PlyCount "32"]
[EventDate "2018.09.30"]
[EventCountry "NOR"]
[SourceTitle "playchess.com"]
[Source "ChessBase"]
[SourceQuality "1"]
[TimeControl "90/30+30:0"]

1. d4 Nf6 2. c4 g6 3. Nc3 d5 4. Bf4 Bg7 5. e3 O-O 6. cxd5 Nxd5 7. Nxd5 Qxd5 8. Bxc7 Na6 9. Bxa6 Qxg2 10. Qf3 Qxf3 11. Nxf3 bxa6 12. Rc1 f6 13. Rg1 Rf7 14. Ba5 Bb7 15. Nd2 e6 16. Nc4 Rd7 1/2-1/2

[Event "Oslo Chess Festival 2018"]
[Site "Oslo"]
[Date "2018.10.05"]
[Round "8"]
[White "Cherniaev, Alexander"]
[Black "Gonzalez, Francisco Silva"]
[Result "1-0"]
[ECO "C78"]
[WhiteElo "2384"]
[BlackElo "2145"]
[Annotator "NA RC"]
[PlyCount "59"]
[EventDate "2018.09.30"]
[EventCountry "NOR"]
[SourceTitle "playchess.com"]
[Source "ChessBase"]
[SourceQuality "1"]
[TimeControl "90/30+30:0"]

1. e4 e5 2. Nf3 Nc6 3. Bb5 a6 4. Ba4 Nf6 5. O-O Bc5 6. c3 b5 7. Bc2 d6 8. d4 Bb6 9. h3 Bd7 10. a3 O-O 11. Be3 Re8 12. Nbd2 h6 $11 13. Re1 Rb8 14. b4 a5 15. Rb1 axb4 16. axb4 Qc8 17. Bd3 d5 18. Nxe5 Nxe5 19. dxe5 Rxe5 20. f4 Re8 21. e5 c5 22. bxc5 Bxc5 23. Bd4 Bxd4+ 24. cxd4 Qc3 25. Nb3 Nh7 26. Qf3 Qb4 27. Bxh7+ Kxh7 28. Qd3+ g6 29. Nc5 Bf5 30. Rxb4 1-0

[Event "Oslo Chess Festival 2018"]
[Site "Oslo"]
[Date "2018.10.05"]
[Round "8"]
[White "Vijayalakshmi, Subbaraman"]
[Black "Smeby, Ole"]
[Result "1-0"]
[ECO "E60"]
[WhiteElo "2359"]
[BlackElo "1998"]
[Annotator "NA RC"]
[PlyCount "57"]
[EventDate "2018.09.30"]
[EventCountry "NOR"]
[SourceTitle "playchess.com"]
[Source "ChessBase"]
[SourceQuality "1"]
[TimeControl "90/30+30:0"]

1. Nf3 Nf6 2. g3 g6 3. Bg2 Bg7 4. d4 O-O 5. b3 c5 6. O-O Nc6 7. Bb2 cxd4 8. Nxd4 {[%emt 0:00:00] LiveBook: 4 Games} Nxd4 9. Bxd4 Qc7 10. c4 d6 11. Nc3 {[%emt 0:00:00] E60: King's Indian: Unusual lines and Fianchetto Variation without Nc3} Bd7 (11... a6 12. Rc1 Be6 13. Qd2 Rfe8 14. Rfd1 Rab8 15. Na4 Nd7 16. Be3 b6 17. Nc3 Rec8 18. Nd5 Bxd5 19. cxd5 {1-0 (38) Georgiadis,N (2465)-Jancovic,P (2171) Wroclaw 2014}) 12. Bxf6 exf6 13. Nd5 Qb8 $146 ({Predecessor:} 13... Qd8 14. Qd2 Bc6 15. Rad1 Rc8 16. Nb4 Bxg2 17. Kxg2 Re8 18. e3 f5 {0-1 (44) Hoehn,M (2075)-Guenther,P (2212) Germany 2014}) 14. Qd2 Re8 15. Rad1 Bc6 16. e3 Qd8 17. Nf4 Bxg2 18. Kxg2 f5 19. Qxd6 Qa5 20. Qd2 Bc3 21. Qc2 Bg7 22. Rd5 Qc7 23. Rfd1 Qc6 24. Kg1 Rab8 25. Rd6 Qf3 26. Rd7 a6 27. c5 g5 28. Qxf5 $18 f6 29. Rxg7+ 1-0

[Event "Oslo Chess Festival 2018"]
[Site "Oslo"]
[Date "2018.10.05"]
[Round "8"]
[White "Mikalsen, Erlend"]
[Black "Pavlovic, Milos"]
[Result "0-1"]
[ECO "B87"]
[WhiteElo "2332"]
[BlackElo "2481"]
[Annotator "RC"]
[PlyCount "46"]
[EventDate "2018.09.30"]
[EventCountry "NOR"]
[SourceTitle "playchess.com"]
[Source "ChessBase"]
[SourceQuality "1"]
[TimeControl "90/30+30:0"]

1. e4 c5 2. Nf3 d6 3. d4 cxd4 4. Nxd4 Nf6 5. Nc3 a6 6. Bc4 e6 7. Bb3 b5 8. f4 Bb7 9. e5 dxe5 10. fxe5 Bc5 11. Be3 Bxd4 12. Bxd4 Nc6 13. exf6 Qxd4 14. fxg7 Qxg7 15. O-O Nd4 16. Rf2 O-O-O 17. Qf1 Rhg8 18. a4 b4 19. Qc4+ Kb8 20. Qxb4 Qg4 21. Qb6 Ka8 22. Nb5 Nxb5 23. axb5 Rd1+ 0-1